[Event "Titled Tuesday Blitz November 07 Early 2023"]
[White "Adla, Diego"]
[Black "Berezin, Viktor"]
[WhiteFideId "100072"]
[BlackFideId "14107872"]
[WhiteElo "2659"]
[BlackElo "2467"]
[Result "0-1"]
[Round "8"]
[TimeControl "180+1"]
[Date "2023.11.07"]
[WhiteClock "0:00:00"]
[BlackClock "0:00:06"]
[Board "83"]

1. e4 g6 2. d4 Bg7 3. Nc3 d6 4. f4 Nf6 5. Nf3 O-O 6. e5 Ne8 7. Be3 Na6 8. Qd2 c5 9. dxc5 Qa5 10. Nd5 Qd8 11. O-O-O Be6 12. cxd6 exd6 13. Bxa6 bxa6 14. h4 Rc8 15. h5 Bf5 16. Nc3 Qa5 17. Nd4 Bg4 18. Nb3 Qc7 19. exd6 Qd7 20. hxg6 hxg6 21. Rde1 Nxd6 22. Bd4 Nc4 23. Qf2 Bxd4 24. Qxd4 Qxd4 25. Nxd4 Rfd8 26. Nb3 Bf5 27. Rhf1 Na3 28. Rf2 a5 29. Nxa5 Nc4 30. Nxc4 Rxc4 31. g3 a5 32. Rd2 Rdc8 33. a3 Kg7 34. Re3 Rh8 35. Rde2 Rh1+ 36. Re1 Rh2 37. R3e2 Rh3 38. Re3 Rh2 39. R1e2 Rh1+ 40. Nd1 Bg4 41. Rd2 f6 42. b3 Rc5 43. Red3 g5 44. fxg5 fxg5 45. Kb2 Bf5 46. Rd5 Rxd5 47. Rxd5 Kf6 48. Ne3 Be4 49. Rxa5 Re1 50. Nd5+ Kg6 51. Nc3 Bf5 52. Rd5 Re3 53. Rd6+ Kh5 54. a4 Rxg3 55. a5 Rg2 56. b4 Rxc2+ 57. Kb3 Rc1 58. a6 Bg6 59. a7 Ra1 60. Na2 Bf7+ 61. Kc3 Rxa2 0-1


[Site "https://www.chess.com"]

[Event "Titled Tuesday Blitz November 07 Early 2023"]
[White "ExchangeAB"]
[Black "Volkov, Maksim"]
[BlackFideId "54123070"]
[WhiteElo "2451"]
[BlackElo "2648"]
[Result "0-1"]
[Round "8"]
[TimeControl "180+1"]
[Date "2023.11.07"]
[WhiteClock "0:00:19"]
[BlackClock "0:00:17"]
[Board "84"]

1. Nf3 d5 2. e3 Nf6 3. b3 g6 4. Bb2 Bg7 5. Be2 O-O 6. O-O c5 7. d3 Nc6 8. Ne5 Qd6 9. Nxc6 Qxc6 10. Be5 Nd7 11. Bxg7 Kxg7 12. Nd2 b6 13. Bf3 Bb7 14. c4 e6 15. Qc2 Ne5 16. Rfd1 f6 17. Rac1 Nxf3+ 18. Nxf3 d4 19. exd4 cxd4 20. c5 b5 21. b4 g5 22. Qe2 e5 23. h3 h5 24. Kh2 Rh8 25. Rg1 Kf7 26. Rce1 Rae8 27. Nd2 g4 28. Ne4 Re6 29. Nd6+ Rxd6 30. cxd6 Qxd6 31. h4 Rc8 32. Rc1 Rc3 33. Rxc3 dxc3 34. Qe3 e4+ 35. g3 exd3 36. Qxa7 Qd5 37. Qb8 c2 38. Qc7+ Kg6 39. Qc3 Qe4 40. Qd2 Bd5 41. a3 Bb7 42. Qc3 Qe2 43. Qd4 Qf3 44. Qc5 c1=Q 45. Qxc1 Qxf2+ 46. Rg2 Qxg2# 0-1


[Site "https://www.chess.com"]

[Event "Titled Tuesday Blitz November 07 Early 2023"]
[White "LiadCuba"]
[Black "Yelisieiev, Yevhenii"]
[BlackFideId "14139642"]
[WhiteElo "2430"]
[BlackElo "2646"]
[Result "0-1"]
[Round "8"]
[TimeControl "180+1"]
[Date "2023.11.07"]
[WhiteClock "0:00:13"]
[BlackClock "0:01:35"]
[Board "85"]

1. d4 d6 2. c4 e5 3. Nc3 exd4 4. Qxd4 Nc6 5. Qd2 g6 6. b3 Bg7 7. Bb2 Nge7 8. Nf3 O-O 9. e3 h6 10. Be2 Be6 11. O-O d5 12. cxd5 Nxd5 13. Nxd5 Qxd5 14. Bxg7 Kxg7 15. Qb2+ Kh7 16. Bc4 Qf5 17. Bxe6 Qxe6 18. Rfd1 Rad8 19. Nd4 Nxd4 20. Rxd4 c5 21. Rc4 Rd5 22. e4 Rg5 23. f3 Rd8 24. Rac1 b6 25. a4 Rd3 26. Kh1 Qd7 27. h3 Rd2 28. Qc2 Rgxg2 0-1


[Site "https://www.chess.com"]

[Event "Titled Tuesday Blitz November 07 Early 2023"]
[White "Soumya, Swaminathan"]
[Black "AlmasRakhmatullaev"]
[WhiteFideId "5016193"]
[WhiteElo "2403"]
[BlackElo "2862"]
[Result "0-1"]
[Round "8"]
[TimeControl "180+1"]
[Date "2023.11.07"]
[WhiteClock "0:00:00"]
[BlackClock "0:01:51"]
[Board "87"]

1. e4 e5 2. Nf3 Nf6 3. Nxe5 Nxe4 4. Qe2 Qe7 5. Qxe4 d6 6. d4 dxe5 7. Qxe5 Qxe5+ 8. dxe5 Bf5 9. c3 Nd7 10. f4 O-O-O 11. Be3 f6 12. Bxa7 fxe5 13. Be3 exf4 14. Bxf4 Bc5 15. Nd2 Rhe8+ 16. Kd1 Nf6 17. Bb5 c6 18. Bc4 Ne4 19. Kc1 Nf2 20. Rf1 b5 21. b4 Bb6 22. Bg5 bxc4 23. Bxd8 Rxd8 24. Nxc4 Ba7 25. Kb2 Bd3 26. Rxf2 Bxf2 27. Ne5 Be4 28. a4 Rd2+ 29. Ka3 Bd5 30. a5 Kb7 31. c4 Bxg2 32. b5 Bd4 33. a6+ Kb6 34. Nd7+ Kc7 35. a7 cxb5 36. a8=Q Bxa8 0-1


[Site "https://www.chess.com"]

[Event "Titled Tuesday Blitz November 07 Early 2023"]
[White "Rosen, Eric"]
[Black "Ronka, Erik"]
[WhiteFideId "2032562"]
[BlackFideId "505080"]
[WhiteElo "2730"]
[BlackElo "2524"]
[Result "1-0"]
[Round "8"]
[TimeControl "180+1"]
[Date "2023.11.07"]
[WhiteClock "0:00:04"]
[BlackClock "0:00:02"]
[Board "88"]

1. e4 c5 2. Nc3 e6 3. f3 a6 4. f4 Nc6 5. Nf3 d6 6. g3 Nf6 7. Bg2 Be7 8. O-O O-O 9. a4 Rb8 10. d3 b5 11. axb5 axb5 12. h3 b4 13. Ne2 Bb7 14. g4 d5 15. e5 Nd7 16. Ng3 Qc7 17. Qe2 Rbe8 18. c3 f6 19. d4 cxd4 20. cxd4 fxe5 21. fxe5 Rf7 22. Be3 Ref8 23. Qd3 Qb6 24. Kh2 Na5 25. Ng5 Bxg5 26. Rxf7 Rxf7 27. Bxg5 Nc6 28. Be3 Nf8 29. Nh5 Ng6 30. Rc1 Ba6 31. Qc2 Bb5 32. Qd2 Qb8 33. Rc5 Qb6 34. Qc1 Qb7 35. Kg3 Bc4 36. h4 b3 37. Qd2 Nb4 38. Ra5 Nd3 39. Qc3 h6 40. Kh3 Qb8 41. Ra1 Qd8 42. g5 hxg5 43. Bxg5 Qf8 44. Qd2 Rf2 45. Qe3 Rf7 46. Qg3 Nxb2 47. Nf6+ gxf6 48. Bxf6 Kh7 49. h5 Nh8 50. Qg4 Qh6 51. Be4+ Qg6 52. hxg6+ Nxg6 53. Qxg6# 1-0


[Site "https://www.chess.com"]

[Event "Titled Tuesday Blitz November 07 Early 2023"]
[White "Khamdamova, Afruza"]
[Black "Nasuta, Grzegorz"]
[WhiteFideId "14210444"]
[BlackFideId "1141686"]
[WhiteElo "2519"]
[BlackElo "2667"]
[Result "0-1"]
[Round "8"]
[TimeControl "180+1"]
[Date "2023.11.07"]
[WhiteClock "0:00:04"]
[BlackClock "0:00:09"]
[Board "89"]

1. e4 c5 2. Nf3 d6 3. d4 cxd4 4. Nxd4 Nf6 5. Nc3 a6 6. Be2 e5 7. Nb3 Be6 8. O-O Be7 9. f4 exf4 10. Bxf4 Nc6 11. Kh1 O-O 12. Nd5 Nxe4 13. Nxe7+ Nxe7 14. Bf3 d5 15. Nd4 Ng6 16. Be3 Re8 17. c3 Qh4 18. Kg1 Rad8 19. Qc2 Ne5 20. Be2 Ng4 21. Bf4 h6 22. Bxg4 Bxg4 23. Rae1 Qe7 24. h3 Bh5 25. Nf5 Qd7 26. Nd4 Bg6 27. Qd1 Re7 28. Qf3 Rde8 29. Re3 Kh7 30. Rfe1 f6 31. Qf1 Qc8 32. Bh2 Nd2 33. Qf2 Rxe3 34. Rxe3 Rxe3 35. Qxe3 Ne4 36. Qe2 Qc4 37. Qxc4 dxc4 38. Bf4 Nc5 39. Bd6 Na4 40. Ba3 Bb1 41. Nf3 Bxa2 42. Nd2 Bb3 43. Kf2 b5 44. Ke3 Bc2 45. g4 Kg6 46. Nf3 Kf7 47. Kd4 Bd3 48. Ke3 g5 49. Kf2 f5 50. gxf5 Bxf5 51. Kg3 Bd7 52. Nd4 Kf6 53. h4 gxh4+ 54. Kxh4 Ke5 55. Kh5 a5 56. Kxh6 b4 57. cxb4 axb4 58. Bxb4 Kxd4 59. Ba3 Kd3 60. Kg5 Kc2 61. Kf4 Nxb2 62. Ke3 Kb3 63. Bd6 c3 64. Ke2 c2 65. Bf4 Nc4 66. Bc1 Bf5 67. Kf3 Bh7 68. Ke2 Ka2 69. Bf4 Kb1 70. Bg5 Na3 71. Bd2 Nb5 72. Bf4 c1=Q 73. Bxc1 Kxc1 74. Ke3 Kc2 75. Kf4 Kd3 76. Ke5 Be4 77. Ke6 Kd4 78. Kf6 Kd5 79. Kg5 Ke5 80. Kh6 Kf6 81. Kh5 Nd4 82. Kg4 Ke5 83. Kg5 Bf5 84. Kh6 Kf6 85. Kh5 Nf3 86. Kh6 Be6 87. Kh7 Ne5 88. Kh8 Ng6+ 89. Kh7 Bd5 90. Kh6 Bg8 91. Kh5 Ne5 92. Kh6 Ng4+ 93. Kh5 Kf5 94. Kh4 Bd5 95. Kg3 Bc6 96. Kh4 Kf4 97. Kh5 Be8+ 98. Kh4 Bg6 99. Kh3 Ne3 100. Kh4 Ng2+ 101. Kh3 Kf3 102. Kh2 Kf2 103. Kh3 Bf5+ 104. Kh2 Ne3 105. Kh1 Be6 106. Kh2 Nf1+ 0-1


[Site "https://www.chess.com"]

[Event "Titled Tuesday Blitz November 07 Early 2023"]
[White "Piesik, Piotr"]
[Black "Kochiev, Ivan"]
[WhiteFideId "1136194"]
[BlackFideId "2917890"]
[WhiteElo "2661"]
[BlackElo "2518"]
[Result "1-0"]
[Round "8"]
[TimeControl "180+1"]
[Date "2023.11.07"]
[WhiteClock "0:00:13"]
[BlackClock "0:00:00"]
[Board "90"]

1. Nf3 Nf6 2. g3 b6 3. Bg2 Bb7 4. O-O c5 5. c4 e6 6. Nc3 Nc6 7. d3 Be7 8. e4 O-O 9. Ne1 Rc8 10. f4 d6 11. g4 a6 12. g5 Nd7 13. Be3 e5 14. h4 exf4 15. Bxf4 Nde5 16. Nd5 Nd4 17. Nc2 Nec6 18. Nce3 Re8 19. Qg4 Ne6 20. Bg3 b5 21. Rxf7 Kxf7 22. Rf1+ Kg8 23. Qxe6+ Kh8 24. Nxe7 Rxe7 25. Qxd6 Rd7 26. Rf8+ Qxf8 27. Qxd7 Ba8 28. Bd6 Qd8 29. Qxd8+ Rxd8 30. e5 Nb4 31. Bxa8 Rxa8 32. e6 Nxd3 33. b3 Re8 34. e7 Nc1 35. Nd5 Kg8 36. Nc7 Kf7 37. Nxe8 Kxe8 38. cxb5 axb5 39. Bxc5 Nxa2 40. Kg2 b4 41. Kf3 Nc1 42. Bxb4 Nxb3 43. Ke4 Nc1 44. Ke3 Nb3 45. Kd3 Nc1+ 46. Ke3 Nb3 47. Ke4 Nc1 48. h5 Kf7 49. g6+ hxg6 50. hxg6+ Ke8 51. Kf5 Ne2 52. Bc5 Nc3 53. Ke6 Ne4 54. Bd4 Nc5+ 55. Kd6 Ne4+ 56. Ke5 Ng5 57. Kf5 1-0


[Site "https://www.chess.com"]

[Event "Titled Tuesday Blitz November 07 Early 2023"]
[White "Arabidze, Meri"]
[Black "Reprintsev, Alexander"]
[WhiteFideId "13604040"]
[BlackFideId "14100541"]
[WhiteElo "2630"]
[BlackElo "2498"]
[Result "1-0"]
[Round "8"]
[TimeControl "180+1"]
[Date "2023.11.07"]
[WhiteClock "0:01:30"]
[BlackClock "0:00:36"]
[Board "91"]

1. Nf3 d5 2. b3 Bf5 3. e3 e6 4. Bb2 Nf6 5. d3 a5 6. a3 c5 7. a4 Nc6 8. Nc3 Nb4 9. Nb5 Be7 10. Be2 O-O 11. O-O Rc8 12. Nh4 Ne8 13. Nxf5 exf5 14. Bf3 Bf6 15. c3 Nc6 16. d4 b6 17. Ba3 Ne7 18. dxc5 bxc5 19. Qd2 Nd6 20. Rad1 Nxb5 21. axb5 Qb6 22. c4 d4 23. exd4 cxd4 24. Bxe7 Bxe7 25. Qxd4 Bc5 26. Qf4 g6 27. Bd5 Rc7 28. h4 h5 29. Rfe1 Qf6 30. Qxc7 Qxh4 31. Qxc5 1-0


[Site "https://www.chess.com"]

[Event "Titled Tuesday Blitz November 07 Early 2023"]
[White "Tregubov, Pavel V."]
[Black "Baches Garcia, Guillermo"]
[WhiteFideId "4115341"]
[BlackFideId "2209764"]
[WhiteElo "2608"]
[BlackElo "2491"]
[Result "1-0"]
[Round "8"]
[TimeControl "180+1"]
[Date "2023.11.07"]
[WhiteClock "0:00:22"]
[BlackClock "0:00:04"]
[Board "92"]

1. e4 d5 2. exd5 Qxd5 3. Nc3 Qa5 4. d4 Nf6 5. Nf3 Bf5 6. Ne5 c6 7. Bc4 e6 8. g4 Bg6 9. h4 Nbd7 10. Nxd7 Nxd7 11. h5 Be4 12. f3 Bd5 13. Bxd5 cxd5 14. Qd3 Bd6 15. Bd2 Bg3+ 16. Ke2 Qc7 17. Rag1 Bf4 18. Kd1 a6 19. Kc1 O-O-O 20. Kb1 Kb8 21. Na4 Rc8 22. Rc1 Bxd2 23. Qxd2 Qd6 24. Rhe1 Rc4 25. b3 Rxa4 26. bxa4 Nb6 27. Ka1 Rc8 28. Rb1 Nxa4 29. Rb3 Rc4 30. Reb1 b5 31. Rb4 Nb6 32. Rxc4 dxc4 33. Qe3 Qa3 34. Qxa3 1-0


[Site "https://www.chess.com"]

[Event "Titled Tuesday Blitz November 07 Early 2023"]
[White "Souleidis, Georgios"]
[Black "Dinu, Dumitru-Daniel"]
[WhiteFideId "4206827"]
[BlackFideId "1208403"]
[WhiteElo "2607"]
[BlackElo "2484"]
[Result "0-1"]
[Round "8"]
[TimeControl "180+1"]
[Date "2023.11.07"]
[WhiteClock "0:00:00"]
[BlackClock "0:01:06"]
[Board "93"]

1. e4 c5 2. Be2 d5 3. d3 dxe4 4. dxe4 Qxd1+ 5. Bxd1 Nc6 6. c3 Nf6 7. Bc2 e5 8. f3 Be6 9. Be3 c4 10. Ba4 Nd7 11. Nd2 Nc5 12. Bxc5 Bxc5 13. Bb5 O-O-O 14. Bxc4 Bxc4 15. Nxc4 b5 16. Nd2 Rd3 17. Ne2 Rhd8 18. Nb3 Bb6 19. Rc1 Be3 20. Rb1 a5 21. h4 a4 22. Na1 Rd2 23. h5 Na5 24. b3 a3 25. c4 Rb2 26. Rd1 Rxd1+ 27. Kxd1 Rb1+ 0-1


[Site "https://www.chess.com"]

[Event "Titled Tuesday Blitz November 07 Early 2023"]
[White "Perdomo, Carlos Andres"]
[Black "vishwa_vijeta"]
[WhiteFideId "4400852"]
[WhiteElo "2605"]
[BlackElo "2482"]
[Result "0-1"]
[Round "8"]
[TimeControl "180+1"]
[Date "2023.11.07"]
[WhiteClock "0:00:10"]
[BlackClock "0:00:25"]
[Board "94"]

1. c4 c5 2. Nc3 g6 3. Nf3 Bg7 4. e3 e5 5. Be2 Nc6 6. O-O Nge7 7. a3 d5 8. cxd5 Nxd5 9. Rb1 Nxc3 10. bxc3 e4 11. Ne1 O-O 12. f3 exf3 13. Nxf3 b6 14. a4 Bf5 15. Rb2 Bd3 16. Bxd3 Qxd3 17. Qc2 Rad8 18. Qxd3 Rxd3 19. Ne1 Rd7 20. d4 cxd4 21. cxd4 Nxd4 22. exd4 Bxd4+ 23. Rbf2 Re8 24. Nf3 Bc5 25. g3 Re2 26. Kg2 Bxf2 27. Rxf2 Rxf2+ 28. Kxf2 Rc7 29. Bd2 Rc4 30. a5 b5 31. Ne5 Rc2 32. Ke3 f6 33. Nd7 Kf7 34. Kd3 Rc8 35. Be3 Rd8 36. Kc3 Rxd7 37. Bc5 a6 38. h4 f5 39. Be3 Ke6 40. Bf4 Kd5 41. Kb4 Re7 42. Kc3 Re4 43. Bb8 b4+ 44. Kb3 Kc5 45. Bc7 Kb5 46. Bb6 Rc4 47. Kb2 Rc3 48. Bf2 Rf3 49. Be1 f4 50. g4 Re3 51. Bd2 Re2 52. Kc1 f3 53. h5 f2 0-1


[Site "https://www.chess.com"]

[Event "Titled Tuesday Blitz November 07 Early 2023"]
[White "Devaev, Alexander"]
[Black "Ambartsumova, Karina"]
[WhiteFideId "4169395"]
[BlackFideId "4166299"]
[WhiteElo "2474"]
[BlackElo "2605"]
[Result "1/2-1/2"]
[Round "8"]
[TimeControl "180+1"]
[Date "2023.11.07"]
[WhiteClock "0:00:11"]
[BlackClock "0:00:04"]
[Board "95"]

1. Nf3 Nf6 2. c4 e6 3. Nc3 d5 4. d4 Bb4 5. e3 O-O 6. Bd2 c5 7. a3 Bxc3 8. Bxc3 Ne4 9. Rc1 cxd4 10. Qxd4 Nxc3 11. Rxc3 Nc6 12. Qd2 dxc4 13. Bxc4 Qf6 14. O-O Rd8 15. Qc2 e5 16. Bb5 Bf5 17. Qc1 Ne7 18. Rd1 a6 19. Be2 Rxd1+ 20. Qxd1 Nc6 21. Qc1 h6 22. h3 Be4 23. Nd2 Bd5 24. Bc4 Rd8 25. Bxd5 Rxd5 26. Nf3 e4 27. Nd2 Qg6 28. Nf1 Ne5 29. Rc5 Nd3 30. Rc8+ Kh7 31. Qc4 Rg5 32. g3 h5 33. Qd4 Ne5 34. Qd8 Kh6 35. Qh8+ Qh7 36. h4 Rf5 37. Nd2 Nf3+ 38. Nxf3 exf3 39. Qxh7+ Kxh7 40. Rc7 Rb5 41. b4 Kg6 42. Kh2 a5 43. Rc4 axb4 44. axb4 Rd5 45. g4 hxg4 46. Rxg4+ Kh5 47. Rf4 f5 48. Kg3 g6 49. Kxf3 Rd1 50. Rd4 Rb1 51. Rc4 Rb2 52. Kg3 Kh6 53. Rd4 Kh5 54. f3 Kh6 55. e4 fxe4 56. Rxe4 Kg7 57. Rd4 Kf6 58. Kf4 Rb3 59. Rd6+ Ke7 60. Rb6 Kf8 61. Rxb7 Rb1 62. Rb6 Kf7 63. b5 Kg7 64. Kg4 Kh6 65. Kf4 Kh5 66. Rb8 Rb4+ 67. Kg3 Kh6 68. Rh8+ Kg7 69. Rb8 Kh6 70. Rb6 Kh5 71. Rb8 Kh6 1/2-1/2


[Site "https://www.chess.com"]

[Event "Titled Tuesday Blitz November 07 Early 2023"]
[White "LangesNasenhaar"]
[Black "Tasev, Dejan"]
[BlackFideId "936618"]
[WhiteElo "2435"]
[BlackElo "2602"]
[Result "0-1"]
[Round "8"]
[TimeControl "180+1"]
[Date "2023.11.07"]
[WhiteClock "0:00:13"]
[BlackClock "0:00:18"]
[Board "97"]

1. d4 Nf6 2. Nc3 d5 3. Bf4 c6 4. e3 Bf5 5. Nf3 Nbd7 6. Ne5 e6 7. g4 Bg6 8. h4 Nxe5 9. dxe5 Ne4 10. Nxe4 Bxe4 11. f3 Qb6 12. fxe4 Qxb2 13. Rb1 Qc3+ 14. Qd2 Qxd2+ 15. Kxd2 dxe4 16. Rxb7 O-O-O+ 17. Kc3 Kxb7 18. Bg2 Bc5 19. Bxe4 Kc7 20. g5 g6 21. h5 Rhe8 22. Bd3 Rb8 23. Bc4 Red8 24. Rf1 Bb4+ 25. Kb3 Ba5+ 26. Ka3 Rd7 27. Bb3 Bc3 28. Rf3 Rb6 29. Bg3 Ra6+ 30. Ba4 Rb6 31. Bb3 c5 32. Rf4 Rb4 33. Rf3 Re4 34. Ba4 Rd1 35. Rxf7+ Kb6 36. Re7 Rb1 37. Bd7 Bb2+ 38. Kb3 Rb4# 0-1


[Site "https://www.chess.com"]

[Event "Titled Tuesday Blitz November 07 Early 2023"]
[White "Polaczek, Richard"]
[Black "GatoRojo150"]
[WhiteFideId "200026"]
[WhiteElo "2433"]
[BlackElo "2597"]
[Result "0-1"]
[Round "8"]
[TimeControl "180+1"]
[Date "2023.11.07"]
[WhiteClock "0:00:05"]
[BlackClock "0:00:32"]
[Board "98"]

1. d4 d5 2. c4 dxc4 3. e3 Nc6 4. Bxc4 e5 5. Qb3 Qd7 6. Bd2 Nf6 7. Nf3 Bd6 8. O-O e4 9. Ng5 O-O 10. f3 exf3 11. Nxf3 Qg4 12. Bd3 Qh5 13. Nc3 Bg4 14. h3 Rae8 15. Qxb7 Nb4 16. Bb5 Rb8 17. Qxa7 Bxf3 18. Rxf3 Ra8 19. Qb7 Rfb8 20. g4 Qg5 21. Rf5 Qh4 22. Qg2 c6 23. Be2 Nfd5 24. Be1 Qe7 25. e4 Ne3 26. Qf3 Nxf5 27. gxf5 Nc2 28. Rd1 Rxb2 29. Bf2 Bb4 30. e5 Ra3 31. f6 Qf8 32. Qxc6 Rxc3 33. Qd7 Nxd4 34. Bxd4 Rxe2 35. Bxc3 Bxc3 36. Qc7 Bxe5 37. Qe7 Bd4+ 38. Rxd4 Rxe7 39. fxe7 Qxe7 0-1


[Site "https://www.chess.com"]

[Event "Titled Tuesday Blitz November 07 Early 2023"]
[White "Streltsov, Alexey"]
[Black "Tsotsonava, Elene"]
[WhiteFideId "24104434"]
[BlackFideId "13615939"]
[WhiteElo "2592"]
[BlackElo "2413"]
[Result "0-1"]
[Round "8"]
[TimeControl "180+1"]
[Date "2023.11.07"]
[WhiteClock "0:00:25"]
[BlackClock "0:01:46"]
[Board "99"]

1. d4 Nf6 2. Nc3 c5 3. d5 g6 4. Bf4 d6 5. Qd2 Bg7 6. Bh6 O-O 7. h4 Bxh6 8. Qxh6 Ng4 9. Qf4 h5 10. f3 Ne5 11. Nh3 Kg7 12. Ng5 a6 13. g4 Rh8 14. gxh5 Rxh5 15. Bh3 Bxh3 16. Rxh3 Nbd7 17. O-O-O Nf6 18. Nce4 Qd7 19. Rg3 Rah8 20. Rh1 Nxd5 21. Qd2 Nf6 22. f4 Nxe4 23. Nxe4 Rxh4 24. Rhg1 Ng4 25. Nxc5 Qf5 26. Nxb7 Nf6 27. Re3 Rh1 28. Rg3 Ne4 29. Qd4+ e5 30. Nxd6 Nxd6 31. fxe5 Nb5 32. Qb6 Qf4+ 33. Kb1 Qf1+ 34. Rxf1 Rxf1# 0-1


[Site "https://www.chess.com"]

[Event "Titled Tuesday Blitz November 07 Early 2023"]
[White "Demin, Vladimir"]
[Black "Muhammad Shahzeb"]
[WhiteFideId "4167457"]
[BlackFideId "7804806"]
[WhiteElo "2556"]
[BlackElo "2412"]
[Result "1-0"]
[Round "8"]
[TimeControl "180+1"]
[Date "2023.11.07"]
[WhiteClock "0:00:12"]
[BlackClock "0:00:14"]
[Board "100"]

1. d4 Nf6 2. Nc3 d5 3. Bf4 a6 4. e3 e6 5. g4 Bb4 6. Bg2 Ne4 7. Bxe4 dxe4 8. Ne2 Nd7 9. a3 Bxc3+ 10. Nxc3 Nf6 11. g5 Nd5 12. Nxe4 Nxf4 13. exf4 Qd5 14. Qd3 b5 15. O-O-O Bb7 16. Rhe1 O-O 17. Kb1 Qf5 18. Nc5 Qd5 19. Re5 Qc6 20. f5 exf5 21. Qxf5 Bc8 22. Qf4 a5 23. Re7 b4 24. Rxc7 Qd5 25. Qe4 Qd6 26. Qe5 Qg6 27. a4 Bf5 28. Nd7 Rfc8 29. Rc1 Qxg5 30. f4 Qg6 31. Nb6 Rxc7 32. Qxc7 Re8 33. d5 h6 34. d6 Qe6 35. d7 Rf8 36. d8=Q Rxd8 37. Qxd8+ Kh7 38. Nd5 b3 39. Nc3 bxc2+ 40. Ka1 Qb3 41. Qd4 Be6 42. f5 Bc4 43. Qe4 Qb4 44. f6+ g6 45. Qe7 Bb3 46. Qxb4 axb4 47. Nb5 Bxa4 48. Nd4 Bb3 49. Nxb3 g5 50. Nd4 Kg6 51. Nxc2 Kxf6 52. Nxb4 Kg6 53. Rd1 f5 54. Nc2 f4 55. b4 g4 56. b5 g3 57. hxg3 fxg3 58. b6 g2 59. b7 h5 60. b8=Q h4 61. Qg8+ Kh5 62. Qxg2 h3 63. Qxh3+ Kg5 64. Qf3 1-0


[Site "https://www.chess.com"]

[Event "Titled Tuesday Blitz November 07 Early 2023"]
[White "Dishman, Stephen"]
[Black "Goltseva, Ekaterina"]
[WhiteFideId "403024"]
[BlackFideId "24173770"]
[WhiteElo "2377"]
[BlackElo "2542"]
[Result "1-0"]
[Round "8"]
[TimeControl "180+1"]
[Date "2023.11.07"]
[WhiteClock "0:00:17"]
[BlackClock "0:00:00"]
[Board "101"]

1. d4 Nf6 2. Bg5 Ne4 3. Bf4 d5 4. e3 c5 5. Bd3 Nf6 6. c3 Nc6 7. Nd2 e6 8. Ngf3 Be7 9. h4 h6 10. Ne5 Qb6 11. Rb1 Nxe5 12. dxe5 Nd7 13. Qg4 g6 14. h5 g5 15. Bg3 c4 16. Bc2 Nc5 17. O-O f5 18. exf6 Bxf6 19. e4 O-O 20. e5 Bg7 21. b4 cxb3 22. axb3 Bd7 23. b4 Na4 24. c4 Nc3 25. c5 Qc7 26. Rbe1 a5 27. f4 Qd8 28. f5 exf5 29. Bxf5 Bxf5 30. Rxf5 Qc8 31. e6 Rxf5 32. Qxf5 Qf8 33. Qd3 Qe7 34. Be5 Bxe5 35. Rxe5 axb4 36. Nb3 Rf8 37. Nd4 Qf6 38. e7 Re8 39. Re6 Qf7 40. Rg6+ Kh8 41. Rxh6+ Kg8 42. Rg6+ Kh8 43. Nf5 Ne4 44. Qd4+ 1-0


[Site "https://www.chess.com"]

[Event "Titled Tuesday Blitz November 07 Early 2023"]
[White "Zaksaite, Salomeja"]
[Black "Senthil Maran K"]
[WhiteFideId "12801496"]
[BlackFideId "25035681"]
[WhiteElo "2342"]
[BlackElo "2541"]
[Result "0-1"]
[Round "8"]
[TimeControl "180+1"]
[Date "2023.11.07"]
[WhiteClock "0:00:00"]
[BlackClock "0:01:52"]
[Board "102"]

1. e4 c6 2. d4 d5 3. exd5 cxd5 4. Bd3 Nc6 5. c3 Nf6 6. h3 g6 7. Nf3 Bf5 8. Be2 e6 9. O-O h5 10. Bg5 Be7 11. Qb3 Ne4 12. Qxb7 Nxg5 13. Qxc6+ Kf8 14. Nbd2 Rb8 15. c4 Rxb2 16. cxd5 Nxf3+ 17. Bxf3 Rxd2 18. dxe6 Bxe6 19. d5 Bxd5 20. Qc3 Bf6 21. Qxd2 Be6 22. Qxd8+ Bxd8 23. Rfd1 Kg7 24. Bd5 Bf5 25. Rac1 Bb6 26. Rc6 Rd8 27. Bc4 Rxd1+ 28. Kh2 Bd7 0-1


[Site "https://www.chess.com"]

[Event "Titled Tuesday Blitz November 07 Early 2023"]
[White "Skibbe, Willi"]
[Black "Iskusnyh, Sergei"]
[WhiteFideId "4682190"]
[BlackFideId "4120027"]
[WhiteElo "2209"]
[BlackElo "2541"]
[Result "0-1"]
[Round "8"]
[TimeControl "180+1"]
[Date "2023.11.07"]
[WhiteClock "0:00:48"]
[BlackClock "0:00:58"]
[Board "103"]

1. e4 e6 2. d4 d5 3. e5 c5 4. c3 Nc6 5. Nf3 Nge7 6. Be2 Nf5 7. Be3 Qb6 8. b3 cxd4 9. cxd4 Bb4+ 10. Kf1 O-O 11. g4 Nxe3+ 12. fxe3 f6 13. exf6 Rxf6 14. Kg2 Bd7 15. a3 Bd6 16. b4 Raf8 17. Rf1 Qc7 18. Nbd2 Be8 19. g5 R6f7 20. Rc1 Qd8 21. h4 Ne7 22. e4 dxe4 23. Nxe4 Nf5 24. d5 Ne3+ 0-1


[Site "https://www.chess.com"]

[Event "Titled Tuesday Blitz November 07 Early 2023"]
[White "Samarth J Rao"]
[Black "Shukhman, Anna"]
[WhiteFideId "46652370"]
[BlackFideId "54180058"]
[WhiteElo "2082"]
[BlackElo "2532"]
[Result "0-1"]
[Round "8"]
[TimeControl "180+1"]
[Date "2023.11.07"]
[WhiteClock "0:00:00"]
[BlackClock "0:00:11"]
[Board "104"]

1. e4 c5 2. Nf3 e6 3. d4 cxd4 4. Nxd4 Nf6 5. Nc3 Nc6 6. Ndb5 Bb4 7. a3 Bxc3+ 8. Nxc3 d5 9. exd5 exd5 10. Bd3 d4 11. Ne2 Bg4 12. O-O O-O 13. f3 Bh5 14. Nf4 Bg6 15. Nxg6 hxg6 16. Bg5 Qd5 17. Qd2 Ne5 18. Bf4 Nfd7 19. Rad1 g5 20. Be4 Qb5 21. Bxe5 Nxe5 22. Qxd4 Rac8 23. Bd5 Rfe8 24. Rfe1 Qb6 25. Qxb6 axb6 26. c3 Kf8 27. Bxb7 Rc5 28. Be4 Nc4 29. Re2 f5 30. b4 Rce5 31. Rd4 Nxa3 32. Rd6 fxe4 33. fxe4 Rxe4 34. Rxe4 Rxe4 35. Rxb6 Nc4 36. Rc6 Ke7 37. b5 Kd7 38. Rc5 Ne5 39. b6 Re1+ 40. Kf2 Nd3+ 0-1


[Site "https://www.chess.com"]

[Event "Titled Tuesday Blitz November 07 Early 2023"]
[White "Perez Cruz, Adianet"]
[Black "Manukian, Artak"]
[WhiteFideId "3510115"]
[BlackFideId "13301373"]
[WhiteElo "1984"]
[BlackElo "2526"]
[Result "1/2-1/2"]
[Round "8"]
[TimeControl "180+1"]
[Date "2023.11.07"]
[WhiteClock "0:00:16"]
[BlackClock "0:00:09"]
[Board "105"]

1. d4 d5 2. Nf3 Nf6 3. Bf4 b6 4. e3 Bb7 5. Bd3 Nbd7 6. O-O e6 7. c4 Bd6 8. Bxd6 cxd6 9. Nc3 dxc4 10. Bxc4 Rc8 11. Bb5 a6 12. Ba4 b5 13. Bb3 Nb6 14. Qe2 d5 15. Ne5 O-O 16. h3 Nfd7 17. Nxd7 Qxd7 18. Rac1 f5 19. f4 Rc7 20. Rf3 Rfc8 21. Rcf1 b4 22. Nb1 a5 23. a3 a4 24. Bd1 b3 25. Nc3 Nc4 26. Nb1 Ba6 27. Re1 Nxa3 28. Qxa6 Nxb1 29. Bxb3 Nd2 30. Bxa4 Nxf3+ 31. gxf3 Qe7 32. Re2 Rb8 33. b3 Kf7 34. e4 Ra7 35. Qc6 dxe4 36. fxe4 Qc7 37. exf5 Qxc6 38. Bxc6 exf5 39. Kf2 g6 40. Bd5+ Kg7 41. Bc4 Rd8 42. d5 Rb7 43. Rd2 Rb6 44. Ke3 Kf6 45. Kd4 h6 46. Re2 g5 47. fxg5+ hxg5 48. Rf2 Rh8 49. Rf3 f4 50. Kc5 Rbb8 51. d6 Ke5 52. Bd5 Rhd8 53. Bc6 Rxd6 54. Rf2 Rd3 55. Re2+ Re3 56. Rd2 Rbxb3 57. Rd5+ Kf6 58. Rd6+ Kg7 59. Rd7+ Kh6 60. Bd5 Rbc3+ 61. Kd6 Rxh3 62. Rd8 g4 63. Rh8+ Kg5 64. Rg8+ Kh4 65. Be6 Rcd3+ 66. Ke7 Rhg3 67. Rh8+ Kg5 68. Rg8+ Kh6 69. Rh8+ Kg7 70. Rh4 Rde3 71. Kd7 Kf6 72. Rh6+ Kg5 73. Rh8 Rxe6 74. Rg8+ Kh4 75. Kxe6 Re3+ 76. Kf5 Kg3 77. Rxg4+ Kf3 78. Rxf4+ Ke2 79. Re4 Rxe4 80. Kxe4 1/2-1/2


[Site "https://www.chess.com"]